 Dungeon Crawl Stone Soup version 0.32-a0-42-ga30500b4d3 (webtiles) character file.

Game seed: 9918394182320598871

1627209 PaperRat the Ex Machina (level 27, 203/203 HPs)
             Began as an Octopode Wanderer on Jan 27, 2024.
             Was an Initiate of Gozag.
             Escaped with the Orb
             ... and 3 runes on Jan 28, 2024!
             The game lasted 06:44:24 (72196 turns).

PaperRat the Ex Machina (Octopode Wanderer)        Turns: 72196, Time: 06:44:25

Health: 203/203    AC: 15    Str: 15    XL:     27
Magic:  42/42      EV: 31    Int: 31    God:    Gozag
Gold:   1774       SH: 11    Dex: 26    Spells: 2/56 levels left

rFire   + . .        a - +7 rapier of the Tiger {elec, *Corrode rElec rPois rF+}
rCold   + + .        R - +2 buckler of the Tarantula {Regen+ Str-4 Dex+6 Stlth+}
rNeg    + + +        U - +2 hat {Will+}
rPois   +            P - amulet of magic regeneration
rElec   +            g - +4 ring of protection
rCorr   +            y - ring "Aqamn" {Str+3 Int+6}
SInv    +            L - +4 ring of protection
Will    ++++.        v - ring "Eracs" {^Contam rF- rC++ rN+++ SInv}
Stlth   +++          M - ring "Kegim" {^Contam rElec rCorr Str+4 Slay+3}
HPRegen 1.33/turn    I - ring "Upiffifynn" {rPois rC+ Will+}
MPRegen 0.68/turn    q - +4 ring of protection
                     A - ring of Ponwen {Fire ^Drain Dex+6}

%: corrode self (3%)
@: studying 4 skills
A: almost no armour, amphibious, 8 rings, camouflage 1, gelatinous body 1,
(nimble swimmer 1), tentacles, subdued magic 1
0: Orb of Zot
}: 3/15 runes: barnacled, silver, gossamer
a: Renounce Religion, Potion Petition, Call Merchant, Bribe Branch


You escaped.
You worshipped Gozag.
Gozag was most pleased with you.
You visited 9 branches of the dungeon, and saw 47 of its levels.
You also visited: Sewer, Ossuary, Bailey, Gauntlet, Ice Cave and Desolation.

You collected 32033 gold pieces.
You spent 13476 gold pieces at shops.
You paid 16783 gold pieces to Gozag.

Inventory:

Hand Weapons
 a - the +7 rapier of the Tiger (weapon) {elec, *Corrode rElec rPois rF+}
   (You bought it in a shop on level 8 of the Dungeon)

   rF+:       It protects you from fire.
   rElec:     It insulates you from electricity.
   rPois:     It protects you from poison *Corrode: It may corrode you when you
   take damage.
 e - the +11 war axe of Kufeed {vamp, +Blink Dex+6}
   (You found it on level 5 of the Dungeon)

   Dex+6:     It affects your dexterity (+6).
   +Blink:    It lets you blink.
 K - the +10 morningstar "Eos" {elec, Halo rElec}
   (You took it off a minotaur in a Gauntlet)

   Halo:      It grants its wielder a halo, revealing invisible creatures and
   increasing accuracy against all within it other than the wielder.
   rElec:     It insulates you from electricity.
Missiles
 k - 3 darts of dispersal
 F - 18 curare-tipped darts (quivered)
 S - 5 throwing nets {!f}
Armour
 R - the +2 buckler of the Tarantula (worn) {Regen+ Str-4 Dex+6 Stlth+}
   (You took it off a deep elf sorcerer on level 3 of the Elven Halls)

   Str-4:     It affects your strength (-4).
   Dex+6:     It affects your dexterity (+6).
   Regen+:    It increases your rate of health regeneration.
   Stlth+:    It makes you more stealthy.
 U - a +2 hat of willpower (worn)
Jewellery
 f - a ring of protection from fire
 g - a +4 ring of protection (left tentacle)
 q - a +4 ring of protection (on tentacle)
 v - the ring "Eracs" (on tentacle) {^Contam rF- rC++ rN+++ SInv}
   (You found it on level 1 of the Vaults)

   [ring of see invisible]

   rF-:       It makes you vulnerable to fire.
   rC++:      It greatly protects you from cold.
   rN+++:     It renders you almost immune to negative energy.
   SInv:      It lets you see invisible.
   ^Contam:   It causes magical contamination when unequipped.
 w - a ring of protection from fire
 y - the ring "Aqamn" (right tentacle) {Str+3 Int+6}
   (You bought it in a shop on level 15 of the Dungeon)

   [ring of intelligence]

   Str+3:     It affects your strength (+3).
   Int+6:     It affects your intelligence (+6).
 A - the ring of Ponwen (on tentacle) {Fire ^Drain Dex+6}
   (You found it on level 1 of the Vaults)

   [ring of fire]

   Fire:      It enhances your fire magic.
   Dex+6:     It affects your dexterity (+6).
   rF+:       It protects you from fire.
   rC-:       It makes you vulnerable to cold.
   ^Drain:    It drains your maximum health when unequipped.
 I - the ring "Upiffifynn" (on tentacle) {rPois rC+ Will+}
   (You found it in the Desolation of Salt)

   [ring of willpower]

   rC+:       It protects you from cold.
   rPois:     It protects you from poison Will+: It increases your willpower.
 L - a +4 ring of protection (on tentacle)
 M - the ring "Kegim" (on tentacle) {^Contam rElec rCorr Str+4 Slay+3}
   (You took it off an orc on level 9 of the Dungeon)

   [ring of resist corrosion]

   Str+4:     It affects your strength (+4).
   Slay+3:    It affects your accuracy & damage with ranged weapons and melee
   (+3).
   rElec:     It insulates you from electricity.
   ^Contam:   It causes magical contamination when unequipped.
   rCorr:     It protects you from acid and corrosion.
 P - an amulet of magic regeneration (around mantle)
Wands
 b - a wand of iceblast (7)
 c - a wand of light (50)
 d - a wand of digging (9)
 m - a wand of polymorph (31)
 n - a wand of paralysis (30)
 z - a wand of mindburst (14)
Scrolls
 h - 7 scrolls of blinking {@r5}
 l - 5 scrolls of vulnerability
 o - 11 scrolls of fear {@r4}
 p - 25 scrolls of teleportation {@r3}
 r - 2 scrolls of butterflies {@r6}
 t - 7 scrolls of poison
 u - 3 scrolls of amnesia
 J - 4 scrolls of immolation
 T - 11 scrolls of fog {@r2}
Potions
 i - 17 potions of curing {@q1}
 j - 8 potions of magic
 s - 7 potions of lignification
 x - 4 potions of brilliance {@q5}
 D - 8 potions of ambrosia
 E - 9 potions of mutation {@q7}
 H - 12 potions of heal wounds {@q2}
 N - 6 potions of resistance
 O - 8 potions of haste {@q4}
 Q - 12 potions of enlightenment {@q6}
 W - 2 potions of invisibility
 Y - 3 potions of cancellation
Miscellaneous
 B - a phantom mirror
 C - a condenser vane
 V - a lightning rod (4/4)
 X - a sack of spiders (inert)
 Z - a phial of floods


   Skills:
 + Level 20.5 Fighting
 + Level 11.0 Short Blades
 - Level 1.0(7.0) Long Blades
 - Level 4.0 Throwing
 + Level 18.6 Dodging
 + Level 12.4 Stealth
 - Level 12.0 Shields
 - Level 15.0 Spellcasting
 - Level 8.0 Hexes
 - Level 20.0 Summonings
 - Level 8.0 Necromancy
 - Level 7.0 Translocations
 - Level 2.0 Fire Magic
 - Level 8.0 Earth Magic
 - Level 10.0 Alchemy
 O Level 27 Evocations


You had 2 spell levels left.
You knew the following spells:

 Your Spells              Type           Power      Damage    Failure   Level
a - Borgnjor's Vile Clut  Necr/Erth      27%        N/A       1%          5
b - Summon Cactus Giant   Summ           42%        N/A       1%          6
c - Martyr's Knell        Necr/Summ      71%        N/A       1%          4
d - Anguish               Hex/Necr       27%        N/A       1%          4
f - Summon Forest         Summ/Tloc      35%        N/A       1%          5
g - Passwall              Erth           54%        N/A       1%          3
i - Monstrous Menagerie   Summ           42%        N/A       1%          7
q - Summon Horrible Thin  Summ           42%        N/A       3%          8
t - Blink                 Tloc           100%       N/A       1%          2
v - Yara's Violent Unrav  Hex/Alch       28%        3d12      1%          5
x - Summon Mana Viper     Hex/Summ       71%        N/A       1%          5

Your spell library contained the following spells:

 Spells                   Type           Power      Damage    Failure   Level
 Call Imp                 Summ           100%       N/A       0%          2
 Foxfire                  Conj/Fire      100%       2x1d9     1%          1
 Kiss of Death            Conj/Necr      100%       2d13      1%          1
 Magic Dart               Conj           68%        1d6       1%          1
 Necrotise                Necr           100%       1d9       1%          1
 Sandblast                Erth           100%       2d20      1%          1
 Shock                    Conj/Air       68%        1d7       1%          1
 Slow                     Hex            100%       N/A       1%          1
 Sting                    Conj/Alch      100%       1d9       1%          1
 Cigotuvi's Dreadful Rot  Necr/Alch/Air  92%        N/A       1%          2
 Ensorcelled Hibernation  Hex/Ice        72%        N/A       1%          2
 Mercury Vapours          Alch/Air       82%        N/A       1%          2
 Scorch                   Fire           82%        2d8       1%          2
 Searing Ray              Conj           34%        2d5       2%          2
 Call Canine Familiar     Summ           85%        N/A       0%          3
 Confusing Touch          Hex            54%        N/A       1%          3
 Fugue of the Fallen      Necr           54%        N/A       1%          3
 Inner Flame              Hex/Fire       58%        N/A       1%          3
 Sigil of Binding         Hex            54%        N/A       1%          3
 Stone Arrow              Conj/Erth      72%        3d11      1%          3
 Tukima's Dance           Hex            54%        N/A       1%          3
 Vampiric Draining        Necr           54%        2d9       1%          3
 Cause Fear               Hex            27%        N/A       1%          4
 Dimensional Bullseye     Hex/Tloc       26%        N/A       1%          4
 Dispel Undead            Necr           54%        3d20      1%          4
 Ignite Poison            Fire/Alch      62%        N/A       1%          4
 Leda's Liquefaction      Alch/Erth      28%        N/A       1%          4
 Manifold Assault         Tloc           50%        N/A       1%          4
 Olgreb's Toxic Radiance  Alch           60%        N/A       1%          4
 Passage of Golubria      Tloc           50%        N/A       1%          4
 Sticky Flame             Fire/Alch      62%        2d10      1%          4
 Curse of Agony           Necr           54%        N/A       1%          5
 Lee's Rapid Deconstruct  Erth           27%        3d14*     1%          5
 Summon Hydra             Summ           42%        N/A       1%          7
 Brom's Barrelling Bould  Conj/Erth      36%        2d6       3%          4
 Iskenderun's Mystic Bla  Conj/Tloc      34%        2d8       4%          4
 Vhi's Electric Charge    Tloc/Air       68%        N/A       4%          4
 Eringya's Noxious Bog    Alch           30%        4d6       4%          6
 Ozocubu's Armour         Ice            17%        N/A       5%          3
 Swiftness                Air            17%        N/A       5%          3
 Irradiate                Conj/Alch      20%        3d18      7%          5
 Death Channel            Necr           27%        N/A       11%         6
 Flame Wave               Conj/Fire      33%        2d10      13%         4
 Dispersal                Tloc           25%        N/A       17%         6
 Airstrike                Air            8%         2d(2-18)  19%         4
 Spellforged Servitor     Conj/Summ      30%        N/A       28%         7
 Fireball                 Conj/Fire      16%        3d8       34%         5
 Sculpt Simulacrum        Ice/Alch       20%        N/A       36%         6
 Arcjolt                  Conj/Air       8%         1d18      50%         5
 Freezing Cloud           Conj/Ice/Air   8%         6-21      50%         5
 Iskenderun's Battlesphe  Conj           17%        2d7       50%         5
 Dragon's Call            Summ           42%        N/A       50%         9
 Bombard                  Conj/Erth      18%        9d4       52%         6
 Plasma Beam              Fire/Air       16%        2x1d28    91%         6
 Starburst                Conj/Fire      16%        6d6       91%         6
 Conjure Ball Lightning   Conj/Air       8%         3x3d6     97%         6
 Orb of Destruction       Conj           8%         9d6       100%        7
 Ozocubu's Refrigeration  Ice            8%         4d9       100%        7
 Disjunction              Tloc           25%        N/A       100%        8
 Ignition                 Fire           20%        3d7       100%        8
 Lehudib's Crystal Spear  Conj/Erth      18%        10d5      100%        8
 Polar Vortex             Ice            8%         12d1*     100%        9
 Shatter                  Erth           27%        3d23*     100%        9
 Animate Dead             Necr           Unusable   N/A       N/A         4

Dungeon Overview and Level Annotations

Branches:
Dungeon (15/15)            Temple (0/1) D:5            Lair (5/5) D:11
 Shoals (4/4) Lair:2       Spider (4/4) Lair:2        Slime (0/5) Lair:5
    Orc (2/2) D:9             Elf (3/3) Orc:2        Vaults (5/5) D:13
  Crypt (0/3) Vaults:3     Depths (4/4) D:15            Zot (5/5) Depths:4
  Sewer (visited)         Ossuary (visited)          Bailey (visited)
  IceCv (visited)         Desolation (visited)      Gauntlet (visited)

Altars:
Ashenzari
Cheibriados
Dithmenos
Fedhas
Gozag
Kikubaaqudgha
Nemelex Xobeh
Okawaru
Qazlal
Ru
Trog
Vehumet
Xom
Yredelemnul
Zin
The Shining One
Jiyva

Shops:
D:8 (   D:11 *=*?   D:13 :   D:15 ?=   Orc:1 =   Orc:2 [[=*   Elf:1 ?   Elf:2 =
Vaults:1 *   Vaults:4 (*=(*   Vaults:5 [*   Depths:2 **!   Depths:3 :[*[

Portals:
Hell: Depths:1 Depths:2 Depths:3 Depths:4
Abyss: Depths:3 Depths:4
Pandemonium: Depths:1 Depths:2 Depths:3 Depths:4
Ziggurat: Depths:2

Annotations:
Elf:2 5 runed translucent doors
Depths:2 3 runed translucent doors, Yckashuo's ghost, veteran MfIE
Zot:1 exclusion: orb of fire
Zot:5 4 transporters, 1 exclusion


Innate Abilities, Weirdness & Mutations

You cannot wear most types of armour.
You are amphibious.
You can wear up to eight rings at the same time.
Your skin changes colour to match your surroundings (Stealth+).
Your rubbery body absorbs attacks. (AC +1, EV +1)
((You are camouflaged when in or above water. (Stealth+)))
You have tentacles for arms and can constrict up to eight enemies at once.
Your spells are a little easier to cast, but a little less powerful.


Message History

There is a stone staircase leading down here.
An Orb Guardian comes into view.
Casting: Summon Forest (safe; 1% risk of failure)
Confirm with . or Enter, or press ? or * to list all spells.
Aiming: Borgnjor's Vile Clutch (mildly dangerous; 1% risk of failure)
Press: ? - help, Shift-Dir - straight line, f - Orb Guardian
Aim: an Orb Guardian (wandering, hasn't noticed you, 100% to hit)
Zombie hands grab the Orb Guardian.
The zombie hands constrict the Orb Guardian.
The Orb Guardian escapes!
Casting: Borgnjor's Vile Clutch (mildly dangerous; 1% risk of failure)
Confirm with . or Enter, or press ? or * to list all spells.
Aiming: Borgnjor's Vile Clutch (mildly dangerous; 1% risk of failure)
Press: ? - help, Shift-Dir - straight line, f/p - Orb Guardian
Aim: an Orb Guardian (lightly wounded, 100% to hit)
Zombie hands grab the Orb Guardian.
The zombie hands constrict the Orb Guardian.
The Orb Guardian misses you. You block the Orb Guardian's attack.
Throw: 19 darts (curare)
Press: ? - help, Q - select action, (/) - cycle Shift-Dir - straight line, f/p - Orb Guardian
Aim: an Orb Guardian (lightly wounded, constricted by zombie hands, 95% to hit)
You throw a curare-tipped dart.
The curare-tipped dart hits the Orb Guardian.
The Orb Guardian is poisoned.
The Orb Guardian struggles to breathe.
The Orb Guardian seems to slow down.
The Orb Guardian is lightly wounded.
The zombie hands constrict the Orb Guardian, but do no damage.
The zombie hands constrict the Orb Guardian.
The Orb Guardian struggles to escape constriction.
The zombie hands constrict the Orb Guardian.
The Orb Guardian struggles to escape constriction.
The zombie hands constrict the Orb Guardian!
The Orb Guardian escapes!
The Orb Guardian is no longer moving slowly.
There is a stone staircase leading up here.
You climb upwards.
There is a stone staircase leading down here.
Magic restored.
There is a staircase leading out of the dungeon here.
You have escaped!

########################
#.......................
#.......................
#...##...####...#####...
#...##...# #...# #...
##########........####...# #...
.........#..)...@........#####...
########.#.......................
.......#.#...#######.............
####.###.#...# #...#####.....
.........#...# #...# #...##
...#.#####...# #...# #...# ...#.#
#...#######...#####...## ...#.#
#....................... ...#.###
#.......................


There were no monsters in sight!

Vanquished Creatures
  An orb of fire (Zot:5)
  Xtahua (Depths:3)
  Josephina (Depths:3)
  4 golden dragons
  the Enchantress (Depths:2)
  An electric golem (Zot:1)
  18 tentacled monstrosities
  A walking crystal tome (Depths:3)
  2 liches (Depths:2)
  4 Orb Guardians (Zot:5)
  2 quicksilver dragons
  A walking divine tome (Depths:4)
  3 titans (Vaults:5)
  2 sphinxes
  2 death cobs
  3 storm dragons
  6 shadow dragons
  A draconian monk (Zot:4)
  Ilsuiw (Shoals:3)
  4 tengu reavers
  2 fire giants
  4 frost giants
  3 draconian knights
  4 vault wardens
  3 emperor scorpions (Spider:4)
  3 ghost moths
  4 draconian shifters
  A curse skull (Vaults:3)
  2 spriggan defenders (Depths:2)
  3 very ugly things
  A broodmother (Spider:4)
  4 stone giants
  3 ironbound thunderhulks
  2 formless jellyfish
  A vampire knight (Depths:2)
  2 juggernaut skeletons (Depths:3)
  5 ironbound preservers
  A caustic shrike skeleton (Depths:3)
  6 green draconians
  A deep elf death mage (Vaults:1)
  5 dire elephants (Vaults:4)
  4 black draconians
  6 war gargoyles (Vaults:4)
  6 deep elf annihilators
  A deep elf demonologist (Vaults:5)
  3 white draconians
  4 red draconians
  2 purple draconians
  6 ettins
  A spark wasp (Spider:4)
  2 eidola (Vaults:3)
  3 yellow draconians
  A statue (Depths:2)
  A crystal guardian (Desolation)
  6 fire dragons
  A merfolk javelineer (Shoals:3)
  3 ragged hierophants (Desolation)
  An entropy weaver (Spider:4)
  A merfolk impaler (Shoals:3)
  2 deep elf high priests
  2 ice dragons
  6 yaktaur captains
  14 vault guards (Vaults:5)
  2 rakshasas
  A radroach (Spider:4)
  5 peacekeepers
  Harold (D:9)
  2 ogre magi
  7 spriggan air magi
  7 ironbound frosthearts
  4 great orbs of eyes
  4 salamander tyrants (Depths:2)
  Erica (D:9)
  8 centaur warriors
  2 dancing weapons (Elf:2)
  A satyr (Shoals:4)
  4 boulder beetles
  A deep troll earth mage (Depths:3)
  A death yak (IceCv)
  2 two-headed ogres
  2 sun demons
  2 tengu warriors
  2 spriggan berserkers (Depths:2)
  A vampire mage (Depths:3)
  5 hell knights (Vaults:5)
  4 occultists
  A soul eater (Depths:4)
  2 deep elf knights
  4 skeletal warriors (Depths:3)
  An orb spider (Spider:4)
  A glowing orange brain (shapeshifter) (Vaults:5)
  A large abomination (D:14)
  3 arcanists (D:11)
  A mana viper (shapeshifter) (Depths:1)
  4 deep elf archers
  14 deep trolls
  A sea snake (Shoals:4)
  4 lindwurms
  An orange crystal statue (Vaults:1)
  2 glowing orange brains
  13 ironbound convokers
  An iron dragon zombie (Depths:3)
  A golden dragon skeleton (Depths:3)
  11 deep elf pyromancers
  2 phantasmal warriors
  2 harpies (Shoals:4)
  2 orc knights (Bailey)
  3 deep elf zephyrmancers
  2 wolf spiders (Spider:2)
  2 necromancers (Vaults:5)
  2 fauns
  4 ugly things
  3 shadow dragon skeletons (Depths:3)
  5 tengu skeletons (Depths:3)
  A merfolk siren (Shoals:1)
  2 meliai (Gauntlet)
  21 moths of wrath
  A fire giant skeleton (Depths:3)
  2 black mambas
  An ice statue (IceCv)
  10 vault sentinels
  A titan simulacrum (Depths:3)
  A water nymph (Shoals:2)
  A black mamba (shapeshifter) (Vaults:5)
  A molten gargoyle (Desolation)
  2 guardian serpents (Desolation)
  A storm dragon simulacrum (Depths:3)
  2 unseen horrors (D:12)
  2 kobold demonologists
  A hellion (Zot:2)
  8 tengu conjurers
  A tormentor (Depths:1)
  9 yaktaurs
  A red devil (D:15)
  10 hornets
  A troll (D:9)
  2 blink frogs
  20 nameless horrors
  18 saltlings (Desolation)
  2 glass eyes (Depths:4)
  A tarantella (Spider:3)
  2 dream sheep (Lair:5)
  A fire giant simulacrum (Depths:3)
  4 jumping spiders
  A ynoxinul (D:14)
  7 slime creatures
  4 culicivoras
  6 spriggans
  19 yaks
  4 water elementals
  A wraith (D:7)
  A fire elemental (Elf:2)
  A basilisk (Lair:1)
  A steam dragon (D:7)
  A redback (shapeshifter) (Vaults:5)
  A warg (Orc:1)
  7 vampire mosquitoes
  A redback (Spider:3)
  2 swamp worms (Lair:1)
  5 water moccasins
  4 glowing shapeshifter skeletons (Depths:3)
  12 orc warriors
  2 ice beasts
  3 ogres
  4 laughing skulls
  A crocodile (Sewer)
  6 wolves
  A phantom (D:4)
  A centaur (D:6)
  3 elf zombies (Ossuary)
  7 kobold brigands
  Blork the orc (D:6)
  4 bullfrogs
  4 scorpions
  6 wights (D:6)
  8 killer bees
  5 howler monkeys
  An electric eel (D:6)
  4 centaur zombies (Ossuary)
  2 jellies (Lair:5)
  5 hounds
  2 human zombies (Ossuary)
  2 orc priests
  A gnoll bouda (D:6)
  A sleepcap (D:3)
  Ijyb (D:3)
  6 orc wizards
  5 hound zombies (Ossuary)
  2 mummies (Ossuary)
  6 gnolls
  9 adders
  2 river rats (D:3)
  An adder zombie (Ossuary)
  3 dart slugs
  8 ribbon worms
  38 orcs
  3 bats
  8 endoplasms
  3 giant cockroaches
  9 gnoll zombies (Ossuary)
  12 goblins
  5 hobgoblins
  5 jackals
  2 quokkas
  7 ball pythons
  A frilled lizard (D:3)
  3 jackal zombies (Ossuary)
  20 kobolds
  6 kobold zombies (Ossuary)
  4 orc zombies (Ossuary)
  7 rats
  2 snaplasher vines
817 creatures vanquished.

Vanquished Creatures (collateral kills)
  An orb of fire (Zot:5)
  A juggernaut (Depths:4)
  Boris (Depths:2)
  4 Killer Klowns (Zot:5)
  A curse toe (Zot:3)
  A bone dragon (Depths:3)
  Nikola (Elf:1)
  7 golden dragons
  2 electric golems
  10 tentacled monstrosities
  A hellephant (Zot:5)
  12 Orb Guardians (Zot:5)
  2 liches
  A deep elf blademaster (Elf:3)
  3 quicksilver dragons
  6 titans (Vaults:5)
  2 deep elf master archers (Elf:3)
  4 sphinxes
  2 krakens
  4 death cobs
  Agnes (Spider:2)
  4 tengu reavers
  2 draconian monks
  6 shadow dragons
  5 fire giants
  6 storm dragons
  Aizul (Spider:1)
  A draconian shifter (Zot:2)
  4 frost giants
  2 draconian knights
  5 deep elf elementalists (Elf:3)
  10 vault wardens
  8 deep elf sorcerers (Elf:3)
  A draconian scorcher (Zot:1)
  4 orc warlords
  3 ghost moths
  Louise (Shoals:1)
  2 imperial myrmidons (Desolation)
  2 spriggan defenders (Depths:2)
  A draconian stormcaller (Depths:4)
  16 ironbound preservers
  A cacodemon (Depths:4)
  3 draconian annihilators
  A caustic shrike skeleton (Depths:3)
  6 ironbound thunderhulks
  10 stone giants
  3 very ugly things
  7 green draconians
  2 deep elf demonologists (Elf:3)
  8 deep elf annihilators
  8 black draconians
  7 red draconians
  6 white draconians
  3 deep elf death magi (Elf:3)
  A lorocyproca (Depths:3)
  9 purple draconians
  A halazid warlock (Desolation)
  17 dire elephants
  3 war gargoyles (Vaults:4)
  11 yellow draconians
  3 minotaurs
  A demonspawn black sun (D:14)
  5 statues (Depths:2)
  5 crystal guardians
  A merfolk javelineer (Depths:1)
  7 deep elf high priests
  4 merfolk impalers
  2 jiangshi (Depths:2)
  Fannar (D:10)
  A ragged hierophant (Desolation)
  9 ettins
  2 entropy weavers
  5 servants of whispers (Desolation)
  A rakshasa (Depths:2)
  A yaktaur captain (Vaults:5)
  2 hydras
  18 vault guards
  10 centaur warriors
  9 peacekeepers
  2 spriggan air magi (Depths:2)
  8 ironbound frosthearts
  A catoblepas (Lair:5)
  A juggernaut simulacrum (Depths:3)
  5 merfolk avatars
  A radroach (Spider:2)
  3 death yaks (IceCv)
  5 boulder beetles
  8 dancing weapons
  3 merfolk aquamancers
  2 deep troll shamans
  3 alligator snapping turtles
  17 two-headed ogres
  5 satyrs
  A vampire mage (Depths:2)
  2 deep troll earth magi
  5 tengu warriors
  3 orc high priests (Orc:2)
  9 deep elf knights
  3 demonic crawlers (Spider:1)
  8 spriggan berserkers
  A soul eater (Depths:3)
  8 skysharks
  5 sun demons
  17 hell knights
  4 iron trolls
  A sixfirhy (Depths:1)
  2 titan skeletons (Depths:3)
  18 skeletal warriors
  10 orb spiders
  6 pharaoh ants
  3 golden dragon skeletons (Depths:3)
  2 sun moths (Spider:4)
  A mana viper (shapeshifter) (Elf:3)
  13 deep elf archers
  34 deep trolls
  7 sea snakes
  Pikel (D:9)
  4 phantasmal warriors (Vaults:5)
  A tengu zombie (Depths:3)
  10 lindwurms
  17 deep elf zephyrmancers
  A steelbarb worm (shapeshifter) (Vaults:5)
  14 ironbound convokers
  13 deep elf pyromancers
  10 orc knights
  6 orc sorcerers
  6 necromancers
  2 shadow dragon skeletons (Depths:3)
  27 ugly things
  8 harpies
  A shining eye (shapeshifter) (Depths:1)
  12 wolf spiders
  15 fauns
  7 cyclopes
  13 moths of wrath
  16 manticores
  2 large abominations (D:14)
  6 elephants (Lair:5)
  A meliai (shapeshifter) (Elf:2)
  2 iron dragon skeletons (Depths:3)
  A stone giant skeleton (Vaults:2)
  8 merfolk sirens
  7 meliai
  4 kobold blastminers (Orc:2)
  9 slime creatures
  A gargoyle (D:11)
  A fire giant skeleton (Depths:3)
  3 molten gargoyles (Desolation)
  12 vault sentinels
  3 water nymphs
  8 black mambas
  A torpor snail (Lair:1)
  An eye of devastation (shapeshifter) (Depths:1)
  5 cane toads
  A smoke demon (Gauntlet)
  A yaktaur zombie (Vaults:2)
  2 minotaur zombies (Gauntlet)
  An unseen horror (D:10)
  10 komodo dragons
  An efreet (D:13)
  20 yaktaurs
  10 rime drakes
  A freezing wraith (Vaults:5)
  2 ice devils (D:11)
  3 tengu conjurers
  18 merfolk
  2 burning bushes (Lair:5)
  12 polar bears
  6 trolls
  A tarantella (shapeshifter) (Vaults:5)
  A wind drake (shapeshifter) (Depths:4)
  10 hornets
  5 wind drakes
  18 tarantellas
  18 dream sheep
  23 blink frogs
  22 saltlings (Desolation)
  A frost giant simulacrum (Vaults:2)
  A centaur simulacrum (D:12)
  A dream sheep (shapeshifter) (Vaults:1)
  6 spriggans
  7 snapping turtles
  A culicivora (shapeshifter) (D:14)
  10 jumping spiders
  5 culicivoras
  Sigmund (D:5)
  16 water elementals
  A yak (shapeshifter) (D:15)
  68 yaks
  3 air elementals
  4 wyverns
  3 wraiths (D:11)
  A ynoxinul (Depths:3)
  A warg (Orc:1)
  5 basilisks
  5 nameless horrors
  2 fire elementals (Elf:1)
  8 vampire mosquitoes (D:11)
  2 steam dragons (Lair:5)
  61 redbacks
  2 swamp worms (Lair:1)
  2 acid dragons (D:11)
  6 water moccasins
  2 sky beasts (D:7)
  17 orc warriors
  32 wolves
  7 laughing skulls
  A black bear (D:11)
  14 ogres
  8 centaurs
  A phantom (D:6)
  8 bullfrogs
  2 gnoll sergeants
  2 wights (D:6)
  An earth elemental (Elf:1)
  A hornet simulacrum (D:14)
  6 killer bees
  4 crimson imps (Gauntlet)
  8 orc priests
  2 jellies (Lair:5)
  20 orc wizards
  4 gnolls
  A white imp (D:7)
  An ufetubus (D:6)
  29 orcs
  2 kobolds (D:10)
  A spectral weapon (Depths:2)
  5 tentacles
1421 creatures vanquished.

Vanquished Creatures (others)
  An ancient lich (Zot:5)
  3 Killer Klowns (Zot:5)
  A Tzitzimitl (Depths:4)
  An Ice Fiend (Zot:5)
  4 Orb Guardians (Zot:5)
  A sphinx (Shoals:4)
  2 vault wardens
  A balrug (Zot:2)
  2 draconian annihilators (Zot:3)
  A stone giant (Depths:2)
  A green draconian (Zot:4)
  A black draconian (Depths:4)
  A spark wasp (Spider:2)
  2 white draconians
  A red draconian (Zot:3)
  A yaktaur captain (Vaults:1)
  An ironbound frostheart (Vaults:3)
  2 boulder beetles (Spider:1)
  4 centaur warriors
  3 satyrs (Shoals:4)
  A radroach (Spider:1)
  An occultist (Depths:2)
  2 deep elf knights
  Lodul (D:14)
  A deep troll (Vaults:2)
  2 deep elf archers
  3 deep elf zephyrmancers
  A deep elf pyromancer (Elf:1)
  A moth of wrath (Zot:5)
  3 yaktaurs
  A water elemental (Shoals:2)
  A small abomination (D:14)
  An ogre (D:14)
  A white imp (D:5)
  An ufetubus (D:5)
  2 ball lightnings (D:5)
  46 snaplasher vines
  6 tentacles
109 creatures vanquished.

Grand Total: 2347 creatures vanquished

Notes
Turn   | Place    | Note
-------+----------+-------------------------------------------
     0 | D:1      | PaperRat the Octopode Wanderer began the quest for the Orb.
     0 | D:1      | PaperRat set off with the following items: a +0 falchion, a
                  | +0 dagger, a potion of brilliance {@q5}, 6 boomerangs; and
                  | the following spell memorised: Kiss of Death; and the
                  | following spells available to memorise: Fugue of the
                  | Fallen, Animate Dead.
     0 | D:1      | Reached XP level 1. HP: 11/11 MP: 4/4
   145 | D:1      | Reached skill level 1 in Stealth
   274 | D:1      | Reached XP level 2. HP: 16/16 MP: 6/6
   654 | D:1      | Found a faded altar of an unknown god.
   669 | D:1      | Prayed at the altar of an unknown god.
   669 | D:1      | Became a worshipper of Gozag Ym Sagoz the Greedy
  1012 | D:2      | Reached skill level 1 in Fighting
  1112 | D:2      | Reached XP level 3. HP: 17/23 MP: 7/7
  1607 | D:2      | Found a shadowy altar of Dithmenos.
  1689 | D:2      | Identified the +0 leather armour of the Solstice {*Slow
                  | rPois rF+ rN+}
  2162 | D:3      | Reached skill level 1 in Short Blades
  2162 | D:3      | Reached XP level 4. HP: 23/29 MP: 8/8
  2187 | D:3      | Found a glowing drain.
  2191 | Sewer    | Entered a sewer
  2315 | Sewer    | Noticed a kobold brigand
  2373 | Sewer    | Noticed a kobold brigand
  2538 | Sewer    | Noticed a kobold brigand
  2694 | Sewer    | Reached XP level 5. HP: 35/35 MP: 9/9
  2710 | Sewer    | Noticed a kobold brigand
  2843 | Sewer    | Killed a kobold brigand
  3259 | Sewer    | Killed a kobold brigand
  3260 | Sewer    | Reached skill level 1 in Dodging
  3260 | Sewer    | Reached XP level 6. HP: 36/42 MP: 10/10
  3749 | Sewer    | Reached XP level 7. HP: 48/48 MP: 11/11
  3888 | D:3      | Learned a level 3 spell: Fugue of the Fallen
  3965 | D:3      | Found a glowing silver altar of Zin.
  4147 | D:3      | Noticed Ijyb
  4156 | D:3      | Killed Ijyb
  4261 | D:3      | Learned a level 2 spell: Blink
  4264 | D:3      | Learned a level 2 spell: Call Imp
  4582 | D:4      | Reached skill level 1 in Summonings
  4641 | D:4      | Found a sand-covered staircase.
  4646 | Ossuary  | Entered an ossuary
  4680 | Ossuary  | Reached skill level 1 in Evocations
  5034 | Ossuary  | Reached skill level 2 in Evocations
  5034 | Ossuary  | Reached XP level 8. HP: 51/54 MP: 12/12
  5274 | Ossuary  | Reached skill level 5 in Stealth
  5294 | Ossuary  | Reached skill level 1 in Translocations
  5294 | Ossuary  | Reached skill level 3 in Evocations
  5700 | D:5      | Entered Level 5 of the Dungeon
  6162 | D:5      | Reached skill level 5 in Fighting
  6234 | D:5      | Identified the +11 war axe of Kufeed {vamp, +Blink Dex+6}
  6268 | D:5      | Noticed Sigmund
  6303 | D:5      | Found a staircase to the Ecumenical Temple.
  6446 | D:5      | Identified the +4 pair of gloves of Urit {*Corrode rC+++
                  | Regen+ Int+2 Dex+2}
  6717 | D:6      | Reached skill level 4 in Evocations
  6740 | D:6      | Reached XP level 9. HP: 54/61 MP: 13/13
  7625 | D:6      | Learned a level 6 spell: Summon Cactus Giant
  7664 | D:6      | Noticed Blork the orc
  7709 | D:6      | Killed Blork the orc
  7785 | D:6      | Identified the +7 falchion of Oneusopt {heavy, rCorr}
  8295 | D:7      | Noticed a troll
  8461 | D:7      | Reached skill level 5 in Dodging
  8764 | D:7      | Reached skill level 5 in Summonings
  8768 | D:7      | Found a basalt altar of Yredelemnul.
  8768 | D:7      | Found a glowing golden altar of the Shining One.
  8772 | D:7      | Noticed a profane servitor
  8779 | D:7      | Noticed an angel
  8921 | D:7      | Reached XP level 10. HP: 71/71 MP: 16/16
  9253 | D:7      | Noticed a two-headed ogre
  9283 | D:7      | Reached skill level 5 in Spellcasting
  9313 | D:7      | Killed a two-headed ogre
  9816 | D:8      | Found a bloodstained altar of Trog.
  9909 | D:8      | Found a snail-covered altar of Cheibriados.
  9999 | D:8      | Found an iron altar of Okawaru.
 10026 | D:8      | Learned a level 3 spell: Confusing Touch
 10057 | D:8      | Found Xudde's Antique Weapon Shoppe.
 10060 | D:8      | Bought a slimy rapier for 252 gold pieces
 10060 | D:8      | Identified the +7 rapier of the Tiger {elec, *Corrode rElec
                  | rPois rF+} (You bought it in a shop on level 8 of the
                  | Dungeon)
 10063 | D:8      | Bought a transparent hand axe for 224 gold pieces
 10063 | D:8      | Identified the +10 hand axe of Makhleb's Indignation
                  | {speed, Str+4} (You bought it in a shop on level 8 of the
                  | Dungeon)
 10256 | D:8      | Reached skill level 1 in Hexes
 10445 | D:9      | Identified the +3 battleaxe of Imbalance {vamp, Will+
                  | Int+2}
 10490 | D:9      | Noticed Erica
 10515 | D:9      | Killed Erica
 10542 | D:9      | Noticed Harold
 10564 | D:9      | Killed Harold
 10643 | D:9      | Found a flagged portal.
 10718 | Bailey   | Entered a bailey
 11008 | Bailey   | Noticed an orc knight
 11013 | Bailey   | Reached XP level 11. HP: 75/75 MP: 18/18
 11015 | Bailey   | Noticed an orc knight
 11019 | Bailey   | Noticed an orc knight
 11026 | Bailey   | Reached skill level 5 in Hexes
 11032 | Bailey   | Killed an orc knight
 11051 | Bailey   | Killed an orc knight
 11077 | Bailey   | Killed an orc knight
 11261 | Bailey   | Acquired a +1 hat of intelligence
 11309 | D:9      | Found a staircase to the Orcish Mines.
 11533 | D:9      | Noticed Pikel
 11543 | D:9      | Killed Pikel
 11768 | D:9      | Identified the ring "Kegim" {^Contam rElec rCorr Str+4
                  | Slay+3}
 12007 | D:9      | Identified the +3 mace of the Horn {holy, MP+9}
 12125 | D:9      | Found a sacrificial altar of Ru.
 12355 | D:10     | Entered Level 10 of the Dungeon
 12389 | D:10     | Reached skill level 10 in Summonings
 12558 | D:10     | Found a sparkling altar of Nemelex Xobeh.
 12558 | D:10     | Found a radiant altar of Vehumet.
 12564 | D:10     | Found a blossoming altar of Fedhas.
 12567 | D:10     | Found a shimmering altar of Xom.
 12569 | D:10     | Found an ancient bone altar of Kikubaaqudgha.
 12573 | D:10     | Found a stormy altar of Qazlal.
 13573 | D:10     | Reached XP level 12. HP: 77/81 MP: 21/21
 13705 | D:10     | Noticed Fannar
 13722 | D:10     | Killed Fannar
 13969 | D:10     | Learned a level 5 spell: Summon Forest
 13974 | D:10     | Learned a level 3 spell: Vampiric Draining
 14006 | D:11     | Noticed a two-headed ogre
 14022 | D:11     | Killed a two-headed ogre
 14031 | D:11     | Got the Grimoire of Dhcmrlchtdj
 14043 | D:11     | Noticed a boulder beetle
 14054 | D:11     | Killed a boulder beetle
 14055 | D:11     | Reached skill level 5 in Translocations
 14062 | D:11     | Got the Compendium of Combed Thunderclap
 14071 | D:11     | Got the Quarto of Plaster Cramp
 14201 | D:11     | Found a frozen archway.
 14232 | IceCv    | Entered an ice cave
 14652 | IceCv    | Reached XP level 13. HP: 86/89 MP: 19/22
 16202 | IceCv    | Got Huorruim's Discourse on the Familiar and the Wyrd
 16224 | IceCv    | Learned a level 3 spell: Inner Flame
 16892 | D:11     | Reached skill level 1 in Fire Magic
 16967 | D:11     | Found a staircase to the Lair.
 17146 | D:11     | Identified the +1 robe "Daodoruo" {rN++ Str+4 Int+3 Dex-5}
 17768 | D:11     | Reached skill level 10 in Fighting
 17917 | D:11     | Learned a level 7 spell: Monstrous Menagerie
 17954 | Lair:1   | Entered Level 1 of the Lair of Beasts
 18265 | D:5      | Killed Sigmund
 18327 | D:7      | Reached XP level 14. HP: 99/99 MP: 19/26
 18459 | D:11     | Bought a scroll of identify for 30 gold pieces
 18459 | D:11     | Bought a scroll of identify for 30 gold pieces
 18459 | D:11     | Bought a scroll of fear for 60 gold pieces
 18459 | D:11     | Bought a scroll of identify for 30 gold pieces
 18459 | D:11     | Bought a scroll of immolation for 60 gold pieces
 18464 | D:11     | Bought a wand of polymorph (2) for 44 gold pieces
 18464 | D:11     | Bought 2 potions of enlightenment for 160 gold pieces
 18464 | D:11     | Bought a lightning rod (4/4) for 640 gold pieces
 18464 | D:11     | Bought a scroll of identify for 32 gold pieces
 18464 | D:11     | Bought a potion of might for 64 gold pieces
 18778 | Lair:1   | Reached skill level 5 in Evocations
 19091 | Lair:1   | Found a transporter.
 19126 | Lair:1   | Found a transporter.
 19529 | Lair:1   | Identified the ring of Ezamaaruph {rElec rCorr EV+5 Dex-5
                  | Slay+4}
 19588 | Lair:2   | Found a gate leading to a gauntlet.
 19599 | Lair:2   | Reached skill level 7 in Evocations
 19599 | Lair:2   | Reached XP level 15. HP: 103/103 MP: 21/28
 19621 | Gauntlet | Entered a Gauntlet
 19621 | Gauntlet | Found a transporter.
 19621 | Gauntlet | Found a transporter.
 19629 | Gauntlet | Found a transporter.
 19630 | Gauntlet | Found a transporter.
 19632 | Gauntlet | Found a transporter.
 19633 | Gauntlet | Found a transporter.
 19653 | Gauntlet | Found a transporter.
 19655 | Gauntlet | Found a transporter.
 19656 | Gauntlet | Found a transporter.
 19656 | Gauntlet | Found a transporter.
 19680 | Gauntlet | Found a transporter.
 19685 | Gauntlet | Found a transporter.
 20017 | Gauntlet | Reached skill level 1 in Shields
 20034 | Gauntlet | Identified the +1 pair of gloves "Kuoheama" {rElec rF- rN+
                  | Dex+3}
 20080 | Gauntlet | Reached skill level 10 in Dodging
 20510 | D:11     | Found Jabrul's Magic Scroll Emporium.
 20510 | D:11     | Found Xesm's General Store.
 20511 | D:11     | Found a staircase to the Lair.
 21302 | Lair:2   | Found a hole to the Spider Nest.
 21620 | Lair:2   | Found a staircase to the Shoals.
 21951 | Lair:2   | Identified the +1 hand axe of Duynt {flame, rPois rCorr}
 21972 | Lair:2   | Learned a level 4 spell: Martyr's Knell
 22333 | Lair:3   | Reached skill level 5 in Shields
 23308 | Lair:4   | Found a radiant altar of Vehumet.
 23316 | Lair:4   | Identified the serpent talisman "Susmacvoff" {Str+4 Int+3}
 23511 | Lair:4   | Reached XP level 16. HP: 109/109 MP: 14/29
 23860 | Lair:4   | Reached skill level 8 in Evocations
 24506 | Lair:5   | Entered Level 5 of the Lair of Beasts
 24528 | Lair:5   | Reached skill level 10 in Spellcasting
 24543 | Lair:5   | Found a staircase to the Slime Pits.
 24727 | Lair:5   | Found a viscous altar of Jiyva.
 24754 | Lair:5   | Reached skill level 15 in Summonings
 25058 | Lair:5   | Reached skill level 9 in Evocations
 25223 | Lair:5   | Identified the +1 flail of Stickiness {freeze, rElec Str+4}
 25953 | Orc:1    | Entered Level 1 of the Orcish Mines
 26154 | Orc:1    | Found Soraa's Jewellery Shoppe.
 26241 | Orc:1    | Bought a +6 ring of dexterity for 504 gold pieces
 26249 | Orc:1    | Bought a +6 ring of intelligence for 504 gold pieces
 26796 | Orc:2    | Entered Level 2 of the Orcish Mines
 27150 | Orc:2    | Found a staircase to the Elven Halls.
 27520 | Orc:2    | Found Qagox's Assorted Antiques.
 27520 | Orc:2    | Found Asiol's Jewellery Shop.
 27521 | Orc:2    | Found Wifeoh's Armour Shoppe.
 27521 | Orc:2    | Found Daeholl's Armour Shoppe.
 27529 | Orc:2    | Bought a scroll labelled ZAUBRAO XIEF for 25 gold pieces
 27542 | Orc:2    | Bought a +0 hat of willpower for 154 gold pieces
 28267 | D:12     | Reached skill level 10 in Evocations
 28346 | D:12     | Learned a level 4 spell: Anguish
 28927 | D:13     | Found a gate to the Vaults.
 29215 | D:13     | Found Vamehop's Self-Improvement Boutique.
 29223 | D:13     | Bought a manual of Dodging for 1120 gold pieces
 29223 | D:13     | Bought a manual of Shields for 1120 gold pieces
 29315 | D:13     | Reached XP level 17. HP: 119/119 MP: 27/31
 29846 | D:14     | Found a stormy altar of Qazlal.
 29997 | D:14     | Noticed Lodul
 30008 | D:14     | Killed Lodul
 30178 | D:14     | Got the Anthology of The Black Sun
 30814 | D:15     | Entered Level 15 of the Dungeon
 30844 | D:15     | Found an iron altar of Okawaru.
 31611 | D:15     | Found a staircase to the Depths.
 32739 | Spider:1 | Entered Level 1 of the Spider Nest
 32739 | Spider:1 | Identified the serpent talisman of Dithmenos's Pride
                  | {Str+3}
 32739 | Spider:1 | Noticed Aizul
 32761 | Spider:1 | Killed Aizul
 33596 | Spider:1 | Reached skill level 11 in Evocations
 33990 | Spider:2 | Reached skill level 10 in Stealth
 34006 | Spider:2 | Identified the +4 quarterstaff "Kub Xup" {drain, rN+}
 34399 | Spider:2 | Reached XP level 18. HP: 127/127 MP: 11/32
 34573 | Spider:2 | Noticed Agnes
 34577 | Spider:2 | Killed Agnes
 35978 | Spider:4 | Entered Level 4 of the Spider Nest
 36369 | Spider:4 | Reached skill level 10 in Shields
 37059 | Spider:4 | Reached skill level 12 in Evocations
 37151 | Spider:4 | Identified the +0 hat "Leutafoi" {SInv}
 37176 | Spider:4 | Got a gossamer rune of Zot
 37320 | Shoals:1 | Entered Level 1 of the Shoals
 37869 | Shoals:1 | Noticed Louise
 37880 | Shoals:1 | Killed Louise
 38981 | Shoals:2 | Reached XP level 19. HP: 111/135 MP: 5/33
 40131 | Shoals:3 | Noticed Ilsuiw
 40152 | Shoals:3 | Killed Ilsuiw
 40630 | Shoals:4 | Entered Level 4 of the Shoals
 40900 | Shoals:4 | Reached skill level 13 in Evocations
 40955 | Shoals:4 | Reached skill level 15 in Dodging
 41760 | Shoals:4 | Got a barnacled rune of Zot
 42212 | D:11     | Bought a scroll of poison for 60 gold pieces
 42215 | D:11     | Bought a shiny buckler for 352 gold pieces
 42215 | D:11     | Bought a wand of light (2) for 394 gold pieces
 42323 | Elf:1    | Entered Level 1 of the Elven Halls
 42982 | Elf:1    | Paralysed by an air elemental for 1 turns
 43058 | Elf:1    | Paralysed by an air elemental for 1 turns
 43305 | Elf:1    | Noticed Nikola
 43316 | Elf:1    | Killed Nikola
 43632 | Elf:1    | Found The Oracle's Delphic Readings.
 43636 | Elf:1    | Bought a scroll of blinking for 135 gold pieces
 43636 | Elf:1    | Bought a scroll of poison for 72 gold pieces
 43636 | Elf:1    | Bought a book of Unlife for 648 gold pieces
 43636 | Elf:1    | Bought a scroll of fog for 72 gold pieces
 43642 | Elf:1    | Learned a level 5 spell: Borgnjor's Vile Clutch
 43809 | Elf:1    | Found an ancient bone altar of Kikubaaqudgha.
 43857 | Elf:2    | Reached skill level 1 in Earth Magic
 43866 | Elf:2    | Reached XP level 20. HP: 139/144 MP: 13/34
 43968 | Elf:2    | Paralysed by an air elemental for 1 turns
 44119 | Elf:2    | Found Ygri's Jewellery Boutique.
 44226 | Elf:2    | Found a huge runed translucent gate.
 44228 | Elf:2    | Found a huge runed translucent gate.
 44233 | Elf:2    | Found a huge runed translucent gate.
 44234 | Elf:2    | Found a huge runed translucent gate.
 44234 | Elf:2    | Found a huge runed translucent gate.
 44736 | Elf:3    | Entered Level 3 of the Elven Halls
 46347 | Elf:3    | Identified the +5 mace "Lixkulou" {drain, rPois rN+ Str-3
                  | Int+3}
 46577 | Elf:3    | Identified the +3 chain mail "Wush" {rElec Dex+4}
 46585 | Elf:3    | Reached skill level 15 in Fighting
 46586 | Elf:3    | Reached skill level 5 in Earth Magic
 46744 | Elf:3    | Identified the +2 buckler of the Tarantula {Regen+ Str-4
                  | Dex+6 Stlth+}
 46913 | Elf:3    | Found the +8 autumn katana {manifold assault}
 46967 | Elf:3    | Got the Handbook of Astrapomancy and Ectoplasm
 47085 | Elf:3    | Identified the staff of Humowkump {rElec rCorr Str+2 Hexes
                  | Air}
 47205 | Elf:3    | Learned a level 5 spell: Yara's Violent Unravelling
 47464 | Vaults:1 | Entered Level 1 of the Vaults
 47563 | Vaults:1 | Reached skill level 1 in Alchemy
 47860 | Vaults:1 | Found a transporter.
 47870 | Vaults:1 | Found a transporter.
 48212 | Vaults:1 | Reached skill level 5 in Short Blades
 48355 | Vaults:1 | Reached XP level 21. HP: 151/151 MP: 13/36
 48618 | Vaults:1 | Found Hiaschoadgh's General Store.
 48681 | Vaults:1 | Bought a condenser vane for 680 gold pieces
 48864 | Vaults:1 | Reached skill level 5 in Alchemy
 48894 | Vaults:1 | Identified the +0 pair of boots of the Evening Star {Int+2}
 48895 | Vaults:1 | Identified the ring "Eracs" {^Contam rF- rC++ rN+++ SInv}
 48902 | Vaults:1 | Identified the ring of Ponwen {Fire ^Drain Dex+6}
 50188 | Vaults:2 | Reached skill level 10 in Alchemy
 50646 | Vaults:3 | Reached skill level 14 in Evocations
 50998 | Vaults:3 | Found a staircase to the Crypt.
 51109 | Vaults:3 | Reached XP level 22. HP: 161/161 MP: 13/38
 52121 | Vaults:3 | Learned a level 5 spell: Summon Mana Viper
 52194 | Vaults:4 | Found Boraimyj's Jewellery Shop.
 52238 | Vaults:4 | Found a crumbling gateway.
 52290 | Desolati | Entered the Desolation of Salt
 52327 | Desolati | Reached skill level 15 in Evocations
 52474 | Desolati | Found the +2 hat of the Bear Spirit {Spirit, Bear, *Rage
                  | Will++}
 52735 | Desolati | Identified the +1 robe of Ranlapruqi {Harm rF- Will+}
 52949 | Desolati | Got the Codex of the Petrous Mob
 53013 | Desolati | Identified the ring "Upiffifynn" {rPois rC+ Will+}
 53022 | Desolati | Identified the +10 broad axe of Bile {holy, rPois rN++
                  | Str+3 Dex-3}
 53626 | Vaults:4 | Found Bogyfila's Antique Weapon Emporium.
 53656 | Vaults:4 | Found Evaqewn's Assorted Antiques.
 53665 | Vaults:4 | Bought a scroll of acquirement for 1092 gold pieces
 53665 | Vaults:4 | Bought a potion of curing for 63 gold pieces
 53665 | Vaults:4 | Bought a scroll of fog for 84 gold pieces
 53665 | Vaults:4 | Acquired 1294 gold pieces
 54257 | Vaults:4 | Reached skill level 16 in Evocations
 54361 | Vaults:4 | Found Jenarani's Antique Weapon Emporium.
 54369 | Vaults:4 | Found the +0 mask of the Dragon {Will+ Slay+3 SInv}
 54395 | Vaults:4 | Bought a translucent dagger for 245 gold pieces
 54395 | Vaults:4 | Identified the +6 dagger of the Candelabrum {venom, *Slow
                  | rElec Int+2} (You bought it in a shop on level 4 of the
                  | Vaults)
 54551 | Vaults:4 | Acquired 976 gold pieces
 54591 | Vaults:4 | Found Engissogh's Assorted Antiques.
 54598 | Vaults:4 | Bought a potion of enlightenment for 185 gold pieces
 54598 | Vaults:4 | Bought a scroll of poison for 148 gold pieces
 54598 | Vaults:4 | Bought a scroll of poison for 148 gold pieces
 54618 | Vaults:4 | Reached XP level 23. HP: 171/171 MP: 13/41
 55172 | Vaults:5 | Entered Level 5 of the Vaults
 55423 | Vaults:5 | Reached skill level 17 in Evocations
 56973 | Vaults:5 | Got a silver rune of Zot
 57044 | Vaults:5 | Reached XP level 24. HP: 178/178 MP: 15/41
 57050 | Vaults:5 | Reached skill level 18 in Evocations
 57051 | Vaults:5 | Reached skill level 15 in Spellcasting
 57118 | Vaults:5 | Identified the +4 glaive of Defenestration {drain, rN+
                  | Will+}
 57118 | Vaults:5 | Identified the +0 robe of Noon {rF+ Archmagi}
 57447 | Vaults:5 | Identified the +4 battleaxe of Karma {drain, Int+4}
 57791 | Vaults:5 | Found Bigheot's Armour Shop.
 57817 | Vaults:5 | Identified the staff of Yqefap {rN+ rCorr Dex+7 Necro}
 57984 | Vaults:5 | Found Gawaubuiq's General Store.
 57991 | Vaults:5 | Bought a scroll of immolation for 64 gold pieces
 57991 | Vaults:5 | Bought a scroll of amnesia for 64 gold pieces
 57991 | Vaults:5 | Bought a potion of enlightenment for 80 gold pieces
 58139 | Vaults:5 | Identified the +1 battleaxe of Fedhas's Reproof {pain,
                  | Str+8 Dex-2}
 58144 | Vaults:5 | Identified the staff of Vinash {rC+ Dex+5 Ice}
 58215 | Vaults:5 | Acquired 857 gold pieces
 58434 | D:15     | Bought a scroll of fog for 80 gold pieces
 58434 | D:15     | Bought a scroll of immolation for 80 gold pieces
 58434 | D:15     | Bought a scroll of revelation for 150 gold pieces
 58434 | D:15     | Bought a scroll of fear for 80 gold pieces
 58436 | D:15     | Bought the ring "Aqamn" {Str+3 Int+6} for 788 gold pieces
 58444 | D:15     | Learned a level 3 spell: Passwall
 58453 | D:15     | Learned a level 8 spell: Summon Horrible Things
 58459 | Depths:1 | Entered Level 1 of the Depths
 58516 | Depths:1 | Found a gateway to Hell.
 58566 | Depths:1 | You fall into a shaft and drop 1 floor!
 58594 | Depths:2 | Noticed Boris
 58607 | Depths:2 | Found Tusisam's Distillery.
 58620 | Depths:2 | Killed Boris
 58837 | Depths:2 | Found a radiant altar of Vehumet.
 59018 | Depths:2 | Identified the +2 robe "Jutewol" {Slay+2}
 59132 | Depths:2 | Bought a potion of magic for 192 gold pieces
 59132 | Depths:2 | Bought a potion of resistance for 240 gold pieces
 59132 | Depths:2 | Bought a potion of haste for 240 gold pieces
 59132 | Depths:2 | Bought a potion of mutation for 192 gold pieces
 60221 | Depths:1 | Found a one-way gate leading to the halls of Pandemonium.
 60459 | Depths:2 | Noticed the Enchantress
 60461 | Depths:2 | Reached skill level 19 in Evocations
 60465 | Depths:2 | Killed the Enchantress
 60578 | Depths:2 | Found Obajam's Specific Store.
 60587 | Depths:2 | Found Xoosush's General Store.
 60595 | Depths:2 | Bought a wand of light (8) for 705 gold pieces
 60595 | Depths:2 | Bought a potion of magic for 168 gold pieces
 60595 | Depths:2 | Bought a scroll of teleportation for 63 gold pieces
 60595 | Depths:2 | Bought a scroll of blinking for 157 gold pieces
 60631 | Depths:2 | Found a one-way gateway to a ziggurat.
 61493 | Depths:2 | Found a runed translucent gate.
 61493 | Depths:2 | Found a runed translucent gate.
 61494 | Depths:2 | Found a runed translucent gate.
 61498 | Depths:2 | Found a viscous altar of Jiyva.
 61498 | Depths:2 | Noticed Yckashuo's ghost (veteran MfIE)
 61509 | Depths:2 | Found a broken altar of Ashenzari.
 61951 | Depths:3 | Reached XP level 25. HP: 189/189 MP: 28/42
 62289 | Depths:3 | Identified the ring of Xom's Malicious Joy {Ice rN++}
 62289 | Depths:3 | Noticed Josephina
 62315 | Depths:3 | Killed Josephina
 62456 | Depths:3 | Found Tayracs's Book Emporium.
 62458 | Depths:3 | Found Tapsuon's Assorted Antiques.
 62458 | Depths:3 | Found Lojiycin's Antique Armour Emporium.
 62467 | Depths:3 | Found Halaeja's Antique Armour Shoppe.
 62475 | Depths:3 | Bought a scroll of butterflies for 156 gold pieces
 62475 | Depths:3 | Bought a scroll of fear for 156 gold pieces
 62475 | Depths:3 | Bought a potion of haste for 390 gold pieces
 62501 | Depths:3 | Noticed Xtahua
 62508 | Depths:3 | Reached skill level 20 in Evocations
 62520 | Depths:3 | Killed Xtahua
 62896 | Depths:3 | Found a glowing golden altar of the Shining One.
 62904 | Depths:3 | Found a one-way gate to the infinite horrors of the Abyss.
 63219 | Depths:3 | Reached skill level 21 in Evocations
 63576 | Depths:3 | Identified the amulet of Qysick {Reflect rCorr Str+4 SH+5}
 63744 | Depths:4 | Entered Level 4 of the Depths
 63999 | Depths:4 | Noticed a juggernaut
 64029 | Depths:4 | Killed a juggernaut
 64114 | Depths:4 | Reached skill level 22 in Evocations
 64350 | Depths:4 | Identified the staff "Viwagor" {Str+3 Int+3 SInv Conj}
 64833 | Depths:4 | Found a gate to the Realm of Zot.
 65159 | Depths:4 | Identified the +8 long sword "Vowu" {venom, rC- Int+5
                  | Dex+3}
 65398 | Zot:1    | Entered Level 1 of the Realm of Zot
 65529 | Zot:1    | Reached skill level 23 in Evocations
 65773 | Zot:1    | Reached XP level 26. HP: 147/196 MP: 5/42
 65883 | Zot:1    | Reached skill level 24 in Evocations
 66399 | Zot:1    | Noticed an orb of fire
 66750 | Zot:1    | Learned a level 4 spell: Anguish
 67592 | Zot:2    | Reached skill level 25 in Evocations
 68605 | Zot:3    | Reached skill level 26 in Evocations
 69914 | Zot:4    | Reached skill level 27 in Evocations
 70053 | Zot:4    | Reached XP level 27. HP: 201/201 MP: 21/42
 70410 | Zot:5    | Entered Level 5 of the Realm of Zot
 70573 | Zot:5    | Found a transporter.
 70574 | Zot:5    | Found a transporter.
 70580 | Zot:5    | Found a transporter.
 70720 | Zot:5    | Found a transporter.
 71451 | Zot:5    | Noticed an ancient lich
 71480 | Zot:5    | Killed an ancient lich
 71486 | Zot:5    | Noticed an orb of fire
 71486 | Zot:5    | Noticed an orb of fire
 71507 | Zot:5    | Reached skill level 10 in Short Blades
 71511 | Zot:5    | Gained mutation: Your spells are a little easier to cast,
                  | but a little less powerful. [an orb of fire]
 71513 | Zot:5    | Killed an orb of fire
 71585 | Zot:5    | Got the Orb of Zot
 71605 | Zot:5    | Killed an orb of fire
 71728 | Zot:2    | Noticed Sewkidois the pandemonium lord
 71814 | Depths:4 | Noticed Heoshramn the pandemonium lord
 71868 | Depths:2 | Noticed Qoeclekh the pandemonium lord
 71967 | D:14     | Noticed Tukhoq the pandemonium lord
 72098 | D:5      | Noticed Oschihof the pandemonium lord
 72196 | D:$      | Escaped with the Orb!

Illustrated notes

Levels and vault maps discovered:
D:1:      dpeg_arrival_boxorama, layout_basic,
          shapermc_ecumenical_altar_totnotflames, grunt_decor_arrowhead,
          minmay_statues_item, minmay_pentomino_w2
D:2:      layout_loops_ring, basic_altar, st_stairs_3
D:3:      layout_basic, zin_treasury, gup_sewer_entry_bowl,
          dreamdust_wishing_well, kennysheep_minor_cross, uniq_ijyb
D:4:      layout_cave_pools, nicolae_ossuary_entry_ruins, serial_column_ruins,
          column_ruins_columns_T, column_ruins_open_tiny,
          column_ruins_open_tiny, column_ruins_open_large, column_ruins_grid_1
D:5:      layout_rooms, temple_green, uniq_sigmund
D:6:      layout_basic, serial_bayou, serial_bayou_pond_b, serial_bayou_pond_e,
          serial_bayou_shore_b, serial_bayou_shore_b, nicolae_zig_zag_zippers,
          uniq_blork_the_orc
D:7:      layout_loops_ring, grunt_temple_overflow_holy_war, grunt_ministairs_12
D:8:      layout_rooms, mainiacjoe_overflow_surrounded_room, trog_antimagical,
          slow_altar_1, serial_shops, kennysheep_mini_moat, minivault_27
D:9:      layout_long_grid, nicolae_ru_path_of_blood, orc_0_dummy,
          enter_bailey_3, uniq_harold, uniq_erica, uniq_pikel
D:10:     layout_loops_ring, nicolae_overflow_hallway_of_the_gods,
          chequers_serial_rivers_large_a, minmay_misc_feat_five,
          kennysheep_cross_room, serial_library_hellmonk_hallway_b,
          chequers_serial_rivers_micro_b, uniq_fannar
D:11:     nzn_winding_woodlands_cross [nzn_winding_woodlands_5x15_split_checker,
          nzn_winding_woodlands_5x15_default,
          nzn_winding_woodlands_5x15_pockets,
          nzn_winding_woodlands_5x15_pathside_ponds,
          nzn_winding_woodlands_15x15_killbox], layout_small_grid,
          due_lair_maze_entry_diamond, portal_ice_cave_demonic_guard,
          bh_hangedman_babel_library
D:12:     layout_stronghold, serial_ice, serial_ice_a, serial_ice_b,
          serial_ice_d, serial_ice_m
D:13:     layout_rooms, skrybe_vaults_entry_preservation, nicolae_shop_self_help
D:14:     dreamdust_black_sun_cult, layout_long_grid,
          minmay_misc_feat_more_columns, nicolae_qazlal_general_emergency,
          uniq_lodul
D:15:     grunt_enter_depths_snipers, layout_grid_maze, okawaru_trees_2
Lair:1:   gammafunk_worm_tunnel, layout_big_grid,
          nicolae_lair_run_with_the_wolves
Lair:2:   layout_chaotic_city, minmay_shoals_entry_lonely_mermaid,
          spider_nest_entry_funnel_web, gauntlet_entry_generic, st_stairs_7,
          minmay_lindwurm_lava
Lair:3:   layout_cave_pods, minivault_25
Lair:4:   layout_regular_city, basic_altar
Lair:5:   gammafunk_lair_ancient_temple, layout_long_grid,
          nicolae_slime_entry_field_trip, evilmike_ambush
          [evilmike_ambush_outer_basic, evilmike_ambush_inner_basic]
Shoals:1: layout_shoals, uniq_louise
Shoals:2: layout_shoals, nicolae_shoals_former_cling_halls
Shoals:3: layout_shoals, uniq_ilsuiw
Shoals:4: shoals_end_hellmonk_lost_city
Spider:1: layout_spider_delve, nicolae_spider_rock_and_or_roll, uniq_aizul
Spider:2: layout_spider_delve, drop_trap, uniq_agnes
Spider:3: layout_cave_pods
Spider:4: spider_rune_water
Orc:1:    layout_diamond_mine, minmay_shop_enchanted_jewellery
Orc:2:    st_orc_elflike, layout_caves, mines1_david
Elf:1:    eino_elf_arrival_sip, layout_geoelf_diagonals,
          nicolae_elf_crossing_hall, nicolae_nh_oracle_at_delphi,
          lemuel_upstairs_altar, uniq_nikola
Elf:2:    elven_hall_of_blades_hangedman_alternative
          [nicolae_vaults_blade_armed_guards], layout_gridlike, serial_shops,
          nicolae_square_shop
Elf:3:    minmay_elf_hall_spiked, layout_loops_cross
Vaults:1: nicolae_vaults_sesquioval_fish, nicolae_vaults_ellipses_ellipsis,
          nicolae_vaults_network_quincunx
          [nicolae_vaults_network_quincunx_subvault,
          nicolae_vaults_network_quincunx_subvault,
          nicolae_vaults_network_quincunx_subvault,
          nicolae_vaults_network_quincunx_subvault,
          nicolae_vaults_network_quincunx_subvault], nicolae_vaults_prndl,
          gammafunk_sealed_arena, nicolae_vaults_house_2,
          nicolae_vaults_house_3, nicolae_vaults_what_the_h, v_alt_pattern_2,
          hangedman_vaults_slice, layout_vaults_maze, serial_shops, shop
Vaults:2: nicolae_vaults_frosty_reception, nicolae_vaults_hexular_roomagon,
          nicolae_vaults_tetromino_L_1, nicolae_vaults_theta, vaults_dpeg_hooks,
          v_pattern_3, v_misc_15, nicolae_vaults_twisting_passages,
          hangedman_vaults_slither, vaults_room_stairs_pillars,
          vaults_room_large_hall, nicolae_vaults_network_square,
          layout_vaults_omnibox
Vaults:3: hangedman_vaults_river_flow, vaults_mumra_hexcomb,
          minmay_crypt_entry_simple_statues, ontoclasm_vaults_gateway, v_misc_8,
          vaults_room_ringed_pool, nicolae_vaults_little_squares_3, v_misc_5,
          nicolae_vaults_stepped_doors, ontoclasm_vaults_pinch,
          hangedman_vaults_maws, vaults_mumra_hex, vaults_room_pools,
          layout_vaults_omnicross
Vaults:4: portal_desolation_entry_nicolae_slug, v_misc_33,
          ontoclasm_vaults_hangar, gargoyle_guard,
          nicolae_vaults_trapezoid_lopsided_2, hangedman_vaults_maws,
          nicolae_vaults_offset_grid_hallway_1, v_misc_1, v_rooms_1,
          vaults_room_corners, v_pattern_2, vaults_room_door_ring,
          layout_vaults_big_room, serial_shops, shop, shop, nicolae_square_shop,
          nicolae_shop_statue_plus, nicolae_shop_rolling_square
Vaults:5
Depths:1: nicolae_BIG_FREAKIN_CUBE, layout_gridville,
          grunt_pan_entry_in_and_out, hell_entry, minmay_splitting_lines,
          minivault_14, lemuel_flamethrower_2
Depths:2: evilmike_halls_of_destruction, layout_long_grid, enter_ziggurat_e,
          hangedman_abyss_or_decor_stagger, serial_shops,
          nicolae_shop_peninsula, gammafunk_ghost_ooze, pan_entry, hell_entry,
          nicolae_specific_store, hangedman_decor_peaks_small,
          statue_in_the_mist_lemuel, nicolae_ashenzari_skybound,
          uniq_enchantress
Depths:3: minmay_skeleton_keep, layout_gridlike, rand_demon_pan_entry_3,
          abyss_entry, hell_entry, tso_metal_star,
          serial_library_hellmonk_hallway_b, minmay_shoptagon,
          minmay_staircase_windowed_large, uniq_josephina, uniq_xtahua
Depths:4: grunt_bruiser_brothers, layout_cave_pools,
          hangedman_abyss_entry_splay, rand_demon_pan_entry_4,
          pf_hell_entry_great_geh, minmay_the_grid_square_5x5_3x3_mashed
          [minmay_the_grid_square_5x5_checkered,
          minmay_the_grid_square_5x5_bridge, minmay_the_grid_square_5x5_slash,
          minmay_the_grid_square_5x5_spiral_small,
          minmay_the_grid_square_5x5_megaprize_crossed,
          minmay_the_grid_square_5x5_shrine2,
          minmay_the_grid_square_5x5_minivault,
          minmay_the_grid_square_5x5_inner_z,
          minmay_the_grid_square_5x5_trominoes]
Zot:1:    layout_gridlike
Zot:2:    layout_gridlike, skrybe_zot_glass_3, st_stairs_5
Zot:3:    layout_cellular_growth, grunt_megastairs_5
Zot:4:    layout_basic
Zot:5:    layout_gridlike, nicolae_diode_quadrants

Skill      XL: |  1  2  3  4  5  6  7  8  9 10 11 12 13 14 15 16 17 18 19 20 21 22 23 24 25 26 27 |
---------------+----------------------------------------------------------------------------------+-----
Stealth        | 2 3 4 5 6 8 10 12 | 12.4
Fighting       | 1 2 3 4 5 7 8 10 11 12 13 14 15 16 17 18 19 20 | 20.5
Short Blades   | 1 2 3 4 5 7 8 11 | 11.0
Throwing       | 2 3 4 |  4.0
Dodging        | 1 2 4 5 6 9 10 12 14 16 17 18 | 18.6
Summonings     | 2 4 5 8 11 12 13 14 15 16 17 18 20 | 20.0
Evocations     | 2 4 7 10 11 12 13 14 16 17 19 23 27 | 27.0
Translocations | 2 3 6 7 |  7.0
Spellcasting   | 4 5 6 8 9 10 11 12 14 15 | 15.0
Hexes          | 4 6 7 8 |  8.0
Fire Magic     | 2 |  2.0
Shields        | 6 8 11 12 | 12.0
Necromancy     | 6 8 |  8.0
Earth Magic    | 1 6 8 |  8.0
Alchemy        | 3 10 | 10.0
Long Blades    | |  1.0

Action                     |  1- 3 |  4- 6 |  7- 9 | 10-12 | 13-15 | 16-18 | 19-21 | 22-24 | 25-27 || total
---------------------------+-------+-------+-------+-------+-------+-------+-------+-------+-------++-------
  Melee: Dagger            |    31 |    30 |   286 |    85 |    32 |       |     1 |       |       ||   465
         Constrict         |    10 |     8 |    75 |    40 |    11 |    28 |    26 |    53 |    53 ||   304
         Tentacles         |    10 |     8 |   115 |    79 |    27 |    54 |    87 |   168 |   210 ||   758
         Short sword       |    14 |       |    23 |   115 |       |       |       |       |       ||   152
         Punch             |       |     1 |     7 |     7 |     2 |     5 |    13 |     9 |    11 ||    55
         War axe           |       |       |    35 |    12 |       |       |       |       |       ||    47
         Rapier            |       |       |       |    25 |    26 |   148 |   211 |   390 |   450 ||  1250
         Staff             |       |       |       |       |    11 |       |       |       |       ||    11
         Battleaxe         |       |       |       |       |    13 |       |       |       |       ||    13
   Fire: Sling             |    68 |   135 |   104 |     6 |       |       |       |       |       ||   313
  Throw: Boomerang         |     3 |       |     3 |     3 |       |       |       |       |       ||     9
         Dart              |     4 |    26 |    83 |   103 |    16 |    10 |     8 |     6 |    12 ||   268
         Javelin           |       |       |     7 |     1 |       |       |       |       |       ||     8
         Throwing net      |       |       |       |       |       |       |     1 |       |       ||     1
   Cast: Kiss of Death     |     1 |       |       |       |       |       |       |       |       ||     1
         Call Imp          |       |       |    25 |    55 |    29 |       |       |       |       ||   109
         Confusing Touch   |       |       |       |    26 |     1 |     3 |       |       |       ||    30
         Summon Cactus Gia |       |       |       |    17 |    99 |   120 |   106 |    96 |    73 ||   511
         Blink             |       |       |       |     2 |     6 |       |     1 |       |       ||     9
         Summon Forest     |       |       |       |     1 |    35 |    56 |    53 |    43 |    43 ||   231
         Inner Flame       |       |       |       |       |    13 |     2 |     7 |    10 |     1 ||    33
         Monstrous Menager |       |       |       |       |    32 |   198 |   154 |   129 |   119 ||   632
         Martyr's Knell    |       |       |       |       |    11 |    72 |    40 |    34 |    22 ||   179
         Anguish           |       |       |       |       |       |     9 |    40 |    10 |    11 ||    70
         Borgnjor's Vile C |       |       |       |       |       |       |    24 |   144 |   148 ||   316
         Yara's Violent Un |       |       |       |       |       |       |     9 |    26 |    10 ||    45
         Summon Mana Viper |       |       |       |       |       |       |       |    69 |    43 ||   112
         Passwall          |       |       |       |       |       |       |       |     1 |    15 ||    16
         Summon Horrible T |       |       |       |       |       |       |       |       |     7 ||     7
 Invoke: Potion Petition   |       |       |     1 |     1 |       |       |       |       |     1 ||     3
         Call Merchant     |       |       |       |       |     2 |     1 |     1 |     2 |       ||     6
         Bribe Branch      |       |       |       |       |       |       |       |       |     3 ||     3
Ability: Begin Untransform |       |       |       |       |       |     1 |       |       |       ||     1
  Evoke: Wand              |       |       |     2 |    12 |     5 |     9 |    11 |    31 |    20 ||    90
         Sack of spiders   |       |       |       |       |       |     2 |     2 |     3 |     4 ||    11
         Phantom mirror    |       |       |       |       |       |     1 |     1 |     1 |       ||     3
         Lightning rod     |       |       |       |       |       |       |     3 |     7 |     2 ||    12
         Phial of floods   |       |       |       |       |       |       |     3 |     1 |       ||     4
         Condenser vane    |       |       |       |       |       |       |     1 |     3 |     2 ||     6
    Use: Scroll            |     2 |     2 |     7 |    14 |    12 |     9 |     7 |     9 |    14 ||    76
         Potion            |     1 |     3 |     1 |     4 |     1 |     6 |     7 |     7 |    11 ||    41
   Stab: Sleeping          |     2 |       |    12 |     6 |     5 |     4 |    20 |    30 |    25 ||   104
         Distracted        |       |       |     3 |     2 |       |     2 |     5 |    23 |    29 ||    64
         Confused          |       |       |       |    18 |       |     2 |     1 |       |     1 ||    22
         Invisible         |       |       |       |     4 |       |       |       |     1 |     1 ||     6
         Paralysed         |       |       |       |       |       |     2 |       |     4 |     4 ||    10
 Armour: Skin              |    25 |    17 |   157 |   128 |   112 |    96 |   132 |   197 |   261 ||  1125
  Dodge: Dodged            |    17 |    25 |   197 |   146 |    82 |   113 |   195 |   314 |   470 ||  1559
  Block: Buckler           |       |       |       |       |     5 |    76 |   113 |   151 |   198 ||   543
   Form: Serpent           |       |       |       |       |       |     1 |       |       |       ||     1

Table legend: (Time is in decaauts)
 A = Elapsed time spent in this place.
 B = Non-inter-level travel time spent in this place.
 C = Inter-level travel time spent in this place.
 D = Time resting spent in this place.
 E = Time spent auto-exploring this place.
 F = Levels seen in this place.
 G = Mean time per level.
                   A        B        C        D        E       F      G
               +--------+--------+--------+--------+--------+-----+--------+
         Total |  72006 |  66366 |   5640 |  10560 |  29826 |  53 | 1358.6 |
       Dungeon |  19843 |  17207 |   2636 |   1974 |   7175 |  15 | 1322.9 |
          Lair |   6664 |   5846 |    818 |    625 |   3660 |   5 | 1332.8 |
        Shoals |   4810 |   4509 |    301 |    860 |   1859 |   4 | 1202.5 |
   Spider Nest |   4091 |   3892 |    199 |    672 |   2153 |   4 | 1022.8 |
  Orcish Mines |   1787 |   1619 |    168 |     97 |   1098 |   2 |  893.5 |
   Elven Halls |   4987 |   4705 |    282 |   1234 |   1834 |   3 | 1662.3 |
        Vaults |   9906 |   9439 |    467 |   1644 |   4574 |   5 | 1981.2 |
        Depths |   7013 |   6627 |    386 |   1087 |   3288 |   4 | 1753.2 |
           Zot |   6310 |   5931 |    379 |    695 |   3304 |   5 | 1262.0 |
         Sewer |   1650 |   1650 |      0 |    346 |    267 |   1 | 1650.0 |
       Ossuary |    663 |    663 |      0 |     99 |     12 |   1 |  663.0 |
        Bailey |    562 |    562 |      0 |    129 |     76 |   1 |  562.0 |
      Ice Cave |   2357 |   2357 |      0 |    857 |    248 |   1 | 2357.0 |
    Desolation |    852 |    852 |      0 |    115 |    278 |   1 |  852.0 |
      Gauntlet |    504 |    504 |      0 |    125 |      0 |   1 |  504.0 |
               +--------+--------+--------+--------+--------+-----+--------+

Top non-repeatable levels by time:
Vaults:5: 3015 daAuts
    D:11: 2660 daAuts
   Elf:3: 2520 daAuts
   IceCv: 2357 daAuts
Vaults:4: 2201 daAuts
Depths:2: 2046 daAuts
    D:15: 1952 daAuts
Depths:3: 1827 daAuts
    D:10: 1711 daAuts
Depths:4: 1710 daAuts
   Sewer: 1650 daAuts
     D:7: 1608 daAuts
Vaults:3: 1607 daAuts
  Lair:1: 1593 daAuts
Vaults:2: 1559 daAuts
